General information
- name: BNet
- type: Ladder 1vs1/FFA
- host: Battle.net
- saver: BEAR_AND
map: TwistedMeadows
- players: 2
- length: 67:11
- speed: Fast
- version: 1.21 W3XP
- replay type:

» download(162 KB)
Players
team 1 (loser)

»
MediocreAtBest (
green | 18 APM | 1232 actions | 67:09)
6 Blademaster
2 Wind Walk
3 Critical Strike
1 Bladestorm
» actions
| Basic commands | 11 | |
| Build / train | 110 | |
| ESC pressed | 2 | |
| Enter build submenu | 44 | |
| Enter hero's abilities submenu | 6 | |
| Give item / drop item | 2 | |
| Remove unit from queue | 13 | |
| Right click | 430 | |
| Select / deselect | 501 | |
| Use ability | 113 | |
1232 total
» units
| Peon | 11 | |
| Grunt | 10 | |
| Troll Headhunter/Berserker | 17 | |
| Wind Rider | 3 | |
| Kodo Beast | 1 | |
| Raider | 19 | |
| Forest Troll Shadow Priest | 1 | |
| Demolisher | 5 | |
| Goblin Zeppelin | 1 | |
68 total
» upgrades
| Armor | 3 | |
| Ensnare | 1 | |
| Troll Regeneration | 1 | |
| Berserker Upgrade | 1 | |
| War Drums Damage Increase | 1 | |
| Ranged Weapons | 3 | |
| Burning Oil | 1 | |
| Reinforced Defenses | 1 | |
| Spiked Barricades | 2 | |
| Melee Weapons | 1 | |
15 total
» buildings
| Altar of Storms | 1 | |
| Orc Burrow | 8 | |
| Barracks | 1 | |
| Stronghold | 1 | |
| War Mill | 1 | |
| Watch Tower | 41 | |
| Beastiary | 1 | |
| Fortress | 1 | |
| Voodoo Lounge | 1 | |
56 total
» build order
00:06 Altar of Storms
00:11 Orc Burrow
00:17 Orc Burrow
01:45 Barracks
02:19 Orc Burrow
06:08 Stronghold
06:14 War Mill
06:19 Orc Burrow
08:02 Watch Tower
08:41 Beastiary
09:28 Orc Burrow
12:59 Fortress
14:33 Orc Burrow
19:38 Voodoo Lounge
19:45 Orc Burrow
23:19 Watch Tower
23:28 Watch Tower
23:32 Orc Burrow
42:06 Watch Tower
42:14 Watch Tower
43:15 Watch Tower
43:47 Watch Tower
45:39 Watch Tower
47:03 Watch Tower
47:06 Watch Tower
47:07 Watch Tower
47:10 Watch Tower
47:13 Watch Tower
47:15 Watch Tower
47:19 Watch Tower
48:19 Watch Tower
48:20 Watch Tower
48:22 Watch Tower
48:23 Watch Tower
48:25 Watch Tower
48:28 Watch Tower
48:29 Watch Tower
48:31 Watch Tower
48:33 Watch Tower
48:34 Watch Tower
48:37 Watch Tower
48:39 Watch Tower
50:36 Watch Tower
50:39 Watch Tower
50:41 Watch Tower
50:46 Watch Tower
50:52 Watch Tower
50:58 Watch Tower
54:18 Watch Tower
54:20 Watch Tower
54:23 Watch Tower
56:28 Watch Tower
57:36 Watch Tower
58:10 Watch Tower
59:26 Watch Tower
60:44 Watch Tower
» items
| Scroll of Healing | 1 | |
| Orb of Lightning | 1 | |
| Tiny Great Hall | 2 | |
| Healing Salve | 1 | |
5 total
team 2 (winner)
BEAR_AND (
pink | 61 APM | 4090 actions | 67:11)
6 Blademaster
3 Wind Walk
2 Critical Strike
1 Bladestorm
6 Tauren Chieftain
3 Shockwave
2 Endurance Aura
1 Reincarnation
» actions
| Assign group hotkey | 11 | |
| Basic commands | 8 | |
| Build / train | 104 | |
| Enter build submenu | 85 | |
| Enter hero's abilities submenu | 12 | |
| Give item / drop item | 43 | |
| Right click | 2098 | |
| Select / deselect | 820 | |
| Select group hotkey | 415 | |
| Use ability | 488 | |
4090 total
» units
| Peon | 27 | |
| Troll Batrider | 27 | |
| Troll Witch Doctor | 2 | |
| Goblin Zeppelin | 6 | |
| Goblin Shredder | 2 | |
64 total
» upgrades
| Spiked Barricades | 1 | |
| Witch Doctor Training | 2 | |
| Ranged Weapons | 3 | |
| Reinforced Defenses | 1 | |
| Liquid Fire | 1 | |
| Armor | 2 | |
| Pillage | 1 | |
11 total
» buildings
| Altar of Storms | 1 | |
| Orc Burrow | 4 | |
| War Mill | 1 | |
| Voodoo Lounge | 1 | |
| Stronghold | 1 | |
| Watch Tower | 244 | |
| Beastiary | 1 | |
| Spirit Lodge | 1 | |
| Fortress | 1 | |
| Great Hall | 9 | |
264 total
» build order
00:08 Altar of Storms
00:23 Orc Burrow
01:38 War Mill
02:02 Voodoo Lounge
02:14 Orc Burrow
02:40 Stronghold
02:51 Watch Tower
03:11 Watch Tower
03:45 Watch Tower
03:58 Watch Tower
04:45 Watch Tower
04:56 Watch Tower
05:20 Beastiary
06:10 Watch Tower
06:12 Watch Tower
06:22 Spirit Lodge
06:58 Fortress
07:34 Watch Tower
07:38 Watch Tower
08:27 Orc Burrow
09:29 Orc Burrow
10:30 Watch Tower
10:31 Watch Tower
12:45 Watch Tower
12:47 Watch Tower
12:48 Watch Tower
16:13 Watch Tower
16:15 Watch Tower
16:15 Watch Tower
19:54 Great Hall
19:59 Watch Tower
19:59 Watch Tower
20:00 Watch Tower
20:01 Watch Tower
20:02 Watch Tower
20:02 Watch Tower
20:30 Great Hall
20:33 Watch Tower
20:34 Watch Tower
22:36 Watch Tower
23:34 Great Hall
23:43 Watch Tower
23:44 Watch Tower
23:45 Watch Tower
23:46 Watch Tower
24:53 Watch Tower
26:03 Watch Tower
26:08 Watch Tower
26:09 Watch Tower
26:10 Watch Tower
26:11 Watch Tower
26:15 Watch Tower
26:16 Watch Tower
26:17 Watch Tower
26:18 Watch Tower
26:19 Watch Tower
26:20 Watch Tower
26:55 Watch Tower
26:56 Watch Tower
38:05 Watch Tower
38:06 Watch Tower
38:07 Watch Tower
38:07 Watch Tower
38:07 Watch Tower
38:08 Watch Tower
38:09 Watch Tower
38:09 Watch Tower
39:17 Watch Tower
39:17 Watch Tower
39:18 Watch Tower
39:18 Watch Tower
39:19 Watch Tower
39:19 Watch Tower
39:20 Watch Tower
39:20 Watch Tower
39:21 Watch Tower
39:21 Watch Tower
39:22 Watch Tower
39:22 Watch Tower
39:23 Watch Tower
39:24 Watch Tower
39:24 Watch Tower
39:29 Watch Tower
39:29 Watch Tower
39:30 Watch Tower
39:31 Watch Tower
39:32 Watch Tower
39:33 Watch Tower
39:33 Watch Tower
39:40 Watch Tower
39:41 Watch Tower
39:42 Watch Tower
39:42 Watch Tower
39:43 Watch Tower
39:44 Watch Tower
39:44 Watch Tower
39:45 Watch Tower
39:48 Watch Tower
39:48 Watch Tower
40:40 Watch Tower
40:47 Watch Tower
41:44 Watch Tower
41:45 Watch Tower
41:46 Watch Tower
41:46 Watch Tower
41:47 Watch Tower
41:48 Watch Tower
41:48 Watch Tower
41:49 Watch Tower
41:49 Watch Tower
41:50 Watch Tower
41:51 Watch Tower
41:52 Watch Tower
41:53 Watch Tower
41:54 Watch Tower
41:54 Watch Tower
41:56 Watch Tower
41:58 Watch Tower
41:58 Watch Tower
41:59 Watch Tower
41:59 Watch Tower
42:00 Watch Tower
42:01 Watch Tower
44:05 Watch Tower
44:06 Watch Tower
44:06 Watch Tower
44:23 Watch Tower
44:23 Watch Tower
44:24 Watch Tower
46:09 Watch Tower
46:42 Great Hall
46:46 Watch Tower
46:46 Watch Tower
46:47 Watch Tower
46:48 Watch Tower
46:49 Watch Tower
46:49 Watch Tower
46:50 Watch Tower
46:51 Watch Tower
49:17 Watch Tower
49:18 Watch Tower
49:19 Watch Tower
49:20 Watch Tower
49:21 Watch Tower
49:22 Watch Tower
49:23 Watch Tower
51:25 Great Hall
51:33 Great Hall
51:36 Watch Tower
51:37 Watch Tower
51:38 Watch Tower
51:38 Watch Tower
51:39 Watch Tower
51:40 Watch Tower
51:40 Watch Tower
51:41 Watch Tower
52:00 Great Hall
53:22 Great Hall
53:30 Watch Tower
53:31 Watch Tower
53:32 Watch Tower
53:33 Watch Tower
53:34 Watch Tower
53:35 Watch Tower
53:36 Watch Tower
53:37 Watch Tower
54:31 Great Hall
58:15 Watch Tower
58:16 Watch Tower
58:16 Watch Tower
58:17 Watch Tower
58:18 Watch Tower
58:18 Watch Tower
58:19 Watch Tower
58:19 Watch Tower
58:20 Watch Tower
58:20 Watch Tower
58:21 Watch Tower
58:22 Watch Tower
58:22 Watch Tower
58:23 Watch Tower
58:23 Watch Tower
61:59 Watch Tower
62:00 Watch Tower
62:00 Watch Tower
62:02 Watch Tower
62:03 Watch Tower
62:04 Watch Tower
62:04 Watch Tower
62:05 Watch Tower
62:06 Watch Tower
62:07 Watch Tower
62:08 Watch Tower
62:09 Watch Tower
62:10 Watch Tower
62:10 Watch Tower
62:13 Watch Tower
62:14 Watch Tower
62:15 Watch Tower
62:16 Watch Tower
62:16 Watch Tower
62:17 Watch Tower
62:18 Watch Tower
62:19 Watch Tower
62:20 Watch Tower
62:21 Watch Tower
62:21 Watch Tower
62:22 Watch Tower
62:23 Watch Tower
62:23 Watch Tower
62:24 Watch Tower
62:25 Watch Tower
62:25 Watch Tower
62:26 Watch Tower
62:26 Watch Tower
62:27 Watch Tower
62:29 Watch Tower
62:31 Watch Tower
62:31 Watch Tower
62:32 Watch Tower
62:33 Watch Tower
62:34 Watch Tower
62:34 Watch Tower
62:35 Watch Tower
62:35 Watch Tower
62:36 Watch Tower
62:37 Watch Tower
62:37 Watch Tower
62:38 Watch Tower
62:40 Watch Tower
62:41 Watch Tower
62:42 Watch Tower
62:42 Watch Tower
62:43 Watch Tower
62:44 Watch Tower
62:44 Watch Tower
62:45 Watch Tower
62:46 Watch Tower
62:48 Watch Tower
62:49 Watch Tower
62:49 Watch Tower
62:50 Watch Tower
62:51 Watch Tower
62:52 Watch Tower
62:52 Watch Tower
62:53 Watch Tower
62:54 Watch Tower
65:51 Watch Tower
66:00 Watch Tower
66:01 Watch Tower
66:02 Watch Tower
66:02 Watch Tower
66:03 Watch Tower
66:04 Watch Tower
66:04 Watch Tower
66:04 Watch Tower
66:05 Watch Tower
66:06 Watch Tower
66:09 Watch Tower
66:10 Watch Tower
66:11 Watch Tower
66:12 Watch Tower
67:06 Watch Tower
67:09 Watch Tower
» items
| Healing Salve | 5 | |
| Lesser Clarity Potion | 1 | |
| Orb of Lightning | 2 | |
| Boots of Speed | 2 | |
| Staff of Teleportation | 3 | |
13 total
Chat log
(31:53 / All) MediocreAtBest: extremely hetero tactic
(31:55 / All) BEAR_AND: wat
(32:02 / All) BEAR_AND: hetero
(32:04 / All) BEAR_AND: different?
(32:12 / All) MediocreAtBest: your "tactic" is hetro
(32:17 / All) BEAR_AND: hetero mean different
(32:42 / All) MediocreAtBest: hetro = hetrosexual .. i'm being facetious
(32:49 / All) BEAR_AND: heterosexual means straight...
(33:09 / All) MediocreAtBest: facetious... i'm being sarcastic..
(33:19 / All) BEAR_AND: facetious not the same thing as sarcastic dude...
(33:28 / All) BEAR_AND: what grade u in?
(33:45 / All) MediocreAtBest: i know... what grade are you in.. you is only two more letters then u..
(33:57 / All) BEAR_AND: it's part of the bnet persona
(34:19 / All) MediocreAtBest: acting mentally retarded?
(34:24 / All) BEAR_AND: mayhap
(34:45 / All) MediocreAtBest: word combinations are extremely hetro aswell..
(34:51 / All) BEAR_AND: what???
(34:57 / All) BEAR_AND: do you mean hetero?
(35:16 / All) MediocreAtBest: yessir
(36:20 / All) MediocreAtBest: back to the main point.. this is the most hetero display of warcraft i have ever seen
(36:40 / All) BEAR_AND: you flatter me
(36:57 / All) MediocreAtBest: joo spaek engrish?
(37:01 / All) BEAR_AND: ?>
(37:10 / All) MediocreAtBest: point made.
(41:35 / All) MediocreAtBest: ouch
(42:19 / All) BEAR_AND: ouch
(42:29 / All) MediocreAtBest: touche.
(43:24 / All) BEAR_AND: ouch
(43:39 / All) MediocreAtBest: ouch to what?
(43:44 / All) BEAR_AND: raider killed by creeps?
(43:55 / All) MediocreAtBest: oh thats a big loss?
(44:09 / All) MediocreAtBest: looks like the creeps can do better than your towers
(44:12 / All) BEAR_AND: just embarrassing
(44:31 / All) MediocreAtBest: your towers didn't kill my raider.. kinda embarrassing that level 3 creeps could
(44:42 / All) BEAR_AND: what? do you even hear what you're saying
(49:34 / All) BEAR_AND: how much gold you got
(49:40 / All) MediocreAtBest: secret
(51:16 / All) BEAR_AND: hmm...why do corner mines have less gold.
(51:20 / All) BEAR_AND: seems like they should have more
(52:57 / All) BEAR_AND: this game is gonna be so sweet for my gold/min average
(53:13 / All) MediocreAtBest: you would think so with all those creeps that cover it.
(53:15 / All) MediocreAtBest: and yeah
(53:21 / All) MediocreAtBest: your resource score
(53:26 / All) MediocreAtBest: is going to be giant
(53:42 / All) BEAR_AND: won't really even approach what i get on friends
(53:50 / All) BEAR_AND: but for a 2s map pretty good
(57:06 / All) BEAR_AND: oooh
(57:09 / All) MediocreAtBest: Gahhhh
(57:10 / All) MediocreAtBest: so close
(64:45 / All) BEAR_AND: ouch
(64:54 / All) MediocreAtBest: wtf no windwalk lawl?!
(65:14 / All) MediocreAtBest: full mana not allowed to wind walk?
(65:21 / All) BEAR_AND: omg...
(65:27 / All) MediocreAtBest: word?
(67:05 / All) MediocreAtBest: this game is pretty pointless..